 Dungeon Crawl Stone Soup version 0.17-a0-1447-g3d113ad (webtiles) character file.

95 matakusis the Ducker (level 4, -3/34 HPs)
             Began as a Demonspawn Gladiator on June 30, 2015.
             Was an Initiate of Okawaru.
             Slain by an orc wizard
             ... wielding a +0 dagger
              (4 damage)
             ... on level 3 of the Dungeon.
             The game lasted 00:11:15 (2017 turns).

matakusis the Ducker (Demonspawn Gladiator)         Turns: 2017, Time: 00:11:16

Health: -3/34      AC:  7    Str: 16    XL:     4   Next: 40%
Magic:  4/4        EV: 12    Int:  9    God:    Okawaru [......]
Gold:   110        SH:  0    Dex: 14    Spells: 0 memorised, 3 levels left

rFire  . . .     SeeInvis .     m - -1 hand axe (curse)
rCold  . . .     Clarity  .     g - +0 ring mail
rNeg   . . .     SustAt   .     (no shield)
rPois  .         Gourm    .     c - +0 helmet
rElec  .         Spirit   .     (no cloak)
rCorr  .         Warding  .     x - +0 pair of gloves
rMut   .         Stasis   .     (no boots)
MR     .....                    (no amulet)
Stlth  +.........               (no ring)
                                (no ring)

@: not resistant to hostile enchantments, very unstealthy
A: powered by pain 2
a: Renounce Religion


You were on level 3 of the Dungeon.
You worshipped Okawaru.
Okawaru was noncommittal.
You were not hungry.

You visited 1 branch of the dungeon, and saw 3 of its levels.

You collected 110 gold pieces.

Inventory:

Hand weapons
 a - a +1 flail
 m - a cursed -1 hand axe (weapon)
 o - a cursed +0 dagger
Missiles
 d - 3 throwing nets (quivered)
 s - 7 poisoned needles
Armour
 b - a +0 leather armour
 c - a +0 helmet (worn)
 g - a +0 ring mail (worn)
 x - a +0 pair of gloves (worn)
Magical devices
 q - a wand of random effects (20)
Scrolls
 h - 5 scrolls of identify
 n - 2 scrolls of fear
Potions
 i - a potion of flight {unknown}
 j - a potion of degeneration {unknown}
 t - a potion of resistance {unknown}
 u - 2 potions of invisibility
Comestibles
 e - 2 bread rations
 p - 2 meat rations


   Skills:
 * Level 2.4 Fighting
 * Level 3.4 Maces & Flails
 - Level 1.7 Throwing
 * Level 1.5 Armour
 + Level 3.4 Dodging


You had 3 spell levels left.
You didn't know any spells.

Dungeon Overview and Level Annotations

Branches:
Dungeon (3/15)

Altars:
Okawaru


Innate Abilities, Weirdness & Mutations

You sometimes gain power by taking damage.


Message History

You hit the orc wizard.
The orc wizard is severely wounded.
You barely miss the orc wizard.
The orc wizard is heavily wounded.
The orc wizard hits you but does no damage. x2
The orc wizard barely misses you.
You slash the orc wizard!
You kill the orc wizard!
Okawaru accepts your kill.
You closely miss the orc wizard.
The orc wizard is heavily wounded.
The orc wizard casts a spell at you. The puff of flame hits you!
You barely miss the orc wizard.
The orc wizard is heavily wounded.
The orc wizard points at you and mumbles some strange words.
The puff of frost hits you!
* * * LOW HITPOINT WARNING * * *
The orc wizard hits you with a dagger.
You die...

,,*,**,,,,,,......##.# #....[....
,,,,**,*,***,.....##.# #.#####.##
*,,,**,*,*,,,.....##.###.#.....#
,,,,**,*,*#,,#.#.....#.....###.#
,,*,**,*.##.,#.*#.##.###.#.# #.#
,,,,**,,.....#.##[.......#.###.##
,,,****,.......†...#.###.........
,,** **,*#....o)........########
*** *,*###..#@).####### *,*
#..#...#* *,* #.......#***** ***
#.........,,,* ####.#......,*
#.#......,* #########**


You could see an orc wizard.

Vanquished Creatures
  An orc wizard (D:3)
  An ooze (D:1)
  3 worms (D:2)
  2 giant geckos
  3 orcs (D:3)
  A ball python (D:2)
  7 hobgoblins
  4 kobolds
  A quokka (D:3)
  10 bats
  2 giant cockroaches
  7 giant newts
  3 goblins
  3 jackals (D:2)
  8 rats
56 creatures vanquished.

Notes
Turn   | Place    | Note
--------------------------------------------------------------
     0 | D:1      | matakusis the Demonspawn Gladiator began the quest for the Orb.
     0 | D:1      | Reached XP level 1. HP: 16/16 MP: 1/1
   177 | D:1      | Reached skill level 3 in Maces & Flails
   211 | D:1      | Gained mutation: You sometimes gain a little power by taking damage. [demonic ancestry]
   211 | D:1      | Reached XP level 2. HP: 16/22 MP: 2/2
   768 | D:2      | Reached XP level 3. HP: 24/27 MP: 3/3
  1466 | D:2      | Found an iron altar of Okawaru.
  1475 | D:2      | Became a worshipper of Warmaster Okawaru
  1693 | D:2      | Reached skill level 1 in Armour
  2011 | D:3      | Gained mutation: You sometimes gain power by taking damage. [demonic ancestry]
  2011 | D:3      | Reached XP level 4. HP: 9/33 MP: 4/4
  2017 | D:3      | HP: 1/34 [orc wizard/puff of frost (4)]
  2017 | D:3      | Slain by an orc wizard

Vault maps used:
D:1:      dpeg_arrival_boxorama
D:2:      old_standard_altar
D:3:      grunt_ministairs_10

Action                   |  1- 3 |  4- 6 || total
-------------------------+-------+-------++-------
Melee: Flail             |   126 |       ||   126
       Hand axe          |    33 |     6 ||    39
  Use: Scroll            |     8 |       ||     8
  Eat: Chunk             |     4 |       ||     4
